 Dungeon Crawl Stone Soup version 0.20-a0-1008-g0de3dc5 (webtiles) character file.

1633 mkm the Basher (level 8, 0/72 HPs)
             Began as a Minotaur Berserker on Apr 14, 2017.
             Was an Elder of Trog.
             Killed by nerve-wracking pain
             ... invoked by Grinder
              (4 damage)
             ... on level 6 of the Dungeon.
             The game lasted 00:27:13 (4479 turns).

mkm the Basher (Minotaur Berserker)                 Turns: 4479, Time: 00:27:13

Health: 0/72       AC: 11    Str: 21    XL:     8   Next: 66%
Magic:  7/7        EV:  9    Int:  6    God:    Trog [****..]
Gold:   239        SH:  0    Dex: 11    Spells: 7/7 levels left

rFire    . . .     SeeInvis +   a - +0 mace
rCold    . . .     Gourm    .   (no shield)
rNeg     . . .     Faith    .   k - +0 chain mail
rPois    .         Spirit   .   (helmet restricted)
rElec    .         Reflect  .   (no cloak)
rCorr    .         Harm     .   (no gloves)
MR       .....                  (no boots)
Stlth    ..........             (no amulet)
Regen    0.3/turn               (no ring)
MPRegen  0.1/turn               (no ring)

@: exhausted, slowed, very slow
A: retaliatory headbutt, horns 2, rugged brown scales 1, see invisible, clever
1, weak 1
a: Berserk, Trog's Hand, Brothers in Arms, Burn Spellbooks, Renounce Religion


You were on level 6 of the Dungeon.
You worshipped Trog.
Trog was greatly pleased with you.
You were very hungry.

You visited 1 branch of the dungeon, and saw 6 of its levels.

You collected 239 gold pieces.

Inventory:

Hand Weapons
 a - a +0 mace (weapon)
 e - a +4 quarterstaff of chaos
Missiles
 d - 5 tomahawks (quivered)
Armour
 b - a +0 animal skin
 k - a +0 chain mail (worn)
Wands
 g - a wand of enslavement (9/24)
 j - a wand of disintegration (12/24)
Scrolls
 c - a scroll of fog
 l - a scroll of identify
 m - 3 scrolls of teleportation
Potions
 f - 3 potions of curing
 i - 2 potions of flight
 n - a potion of cancellation


   Skills:
 + Level 6.1 Fighting
 + Level 9.2 Maces & Flails
 + Level 1.1 Throwing
 + Level 7.7 Armour
 + Level 4.3 Dodging
 + Level 0.5 Stealth
 + Level 0.5 Evocations


You had 7 spell levels left.
You didn't know any spells.

Dungeon Overview and Level Annotations

Branches:
Dungeon (6/15)
 Temple: D:4-7

Altars:
Makhleb
Sif Muna
The Shining One

Annotations:
D:5 1 runed door
D:6 Grinder


Innate Abilities, Weirdness & Mutations

You reflexively headbutt those who attack you in melee.
You have a pair of horns on your head.
You are partially covered in rugged brown scales. (AC +1, +3% HP)
You have supernaturally acute eyesight. (SInv)
Your mind is acute. (Int +2)
You are weak. (Str -2)


Message History

* * * LOW HITPOINT WARNING * * *
You writhe in agony.
* * * LOW HITPOINT WARNING * * *
The orc wizard hits you but does no damage.
The adder zombie bites you but does no damage.
Grinder gestures at you.
You suddenly lose the ability to move!
The orc wizard casts a spell.
The orc wizard blinks!
The adder zombie bites you but does no damage.
Grinder hits you but does no damage.
You can move again.
The orc wizard casts a spell at you. You resist with some effort.
You closely miss the adder zombie. You headbutt the adder zombie.
The adder zombie is lightly damaged.
The adder zombie bites you but does no damage.
Grinder gestures at you. Pain shoots through your body!
You die...

#...#...# #.
#...#.#.######.
+..........>##)
#.......###.##)
###......##.##)
#............
#....#.##.###
##############....#.......
+....)[).@Z.......##......
########..5.......##...###
#..........##......
#....o......#...##.
#^..........#...#
#.........)...#.#
####.............
#.............
#.............


You could see Grinder, an orc wizard and an adder zombie.

Vanquished Creatures
  Sigmund (D:3)
  An orc warrior (D:6)
  An ogre (D:4)
  Blork the orc (D:4)
  A bullfrog (D:6)
  2 scorpions
  4 wights (D:6)
  2 crimson imps (D:5)
  2 howler monkeys
  A bullfrog zombie (D:5)
  A quasit (D:5)
  2 hounds
  6 orc wizards
  Crazy Yiuf (D:3)
  4 orc priests
  An iguana (D:4)
  3 worker ants
  3 gnolls (D:2)
  8 adders
  An adder zombie (D:5)
  2 worms
  6 dart slugs
  3 leopard geckos
  22 orcs
  A bat (D:3)
  7 giant cockroaches
  12 goblins
  8 hobgoblins
  23 jackals
  2 kobolds (D:1)
  3 quokkas
  2 ball pythons
  8 frilled lizards
  A quokka zombie (D:5)
  A rat (D:3)
147 creatures vanquished.

Notes
Turn   | Place    | Note
-------+----------+-------------------------------------------
     0 | D:1      | mkm the Minotaur Berserker began the quest for the Orb.
     0 | D:1      | Reached XP level 1. HP: 19/19 MP: 0/0
    41 | D:1      | Reached XP level 2. HP: 19/27 MP: 1/1
   175 | D:1      | Reached skill level 4 in Maces & Flails
   633 | D:1      | Reached XP level 3. HP: 27/33 MP: 2/2
   844 | D:1      | Reached ** piety under Trog
  1094 | D:2      | Gained mutation: You are weak. (Str -2) [potion of mutation]
  1094 | D:2      | Gained mutation: You have supernaturally acute eyesight. (SInv) [potion of mutation]
  1094 | D:2      | Gained mutation: You are partially covered in rugged brown scales. (AC +1, +3% HP) [potion of mutation]
  1094 | D:2      | Gained mutation: Your mind is acute. (Int +2) [potion of mutation]
  1238 | D:2      | Reached XP level 4. HP: 41/41 MP: 3/3
  1598 | D:2      | Reached skill level 5 in Maces & Flails
  1598 | D:2      | Reached XP level 5. HP: 39/48 MP: 4/4
  1940 | D:3      | Noticed Sigmund
  1949 | D:3      | Killed Sigmund
  1949 | D:3      | Reached XP level 6. HP: 54/54 MP: 5/5
  2000 | D:3      | Reached *** piety under Trog
  2044 | D:3      | Reached skill level 6 in Maces & Flails
  2170 | D:3      | Found a runed door.
  2311 | D:3      | Noticed Crazy Yiuf
  2314 | D:3      | Killed Crazy Yiuf
  2495 | D:4      | Reached XP level 7. HP: 45/61 MP: 6/6
  2505 | D:4      | Reached skill level 7 in Maces & Flails
  2628 | D:4      | Reached skill level 5 in Fighting
  2751 | D:5      | Entered Level 5 of the Dungeon
  2787 | D:4      | Found a deep blue altar of Sif Muna.
  2787 | D:4      | Found a burning altar of Makhleb.
  2943 | D:4      | Reached skill level 5 in Armour
  3507 | D:4      | Noticed Blork the orc
  3518 | D:4      | Killed Blork the orc
  3518 | D:4      | Reached skill level 8 in Maces & Flails
  3927 | D:5      | Reached **** piety under Trog
  3927 | D:5      | Reached XP level 8. HP: 72/72 MP: 7/7
  4012 | D:5      | Reached skill level 1 in Throwing
  4117 | D:5      | Found a runed door.
  4117 | D:5      | Noticed an angel
  4134 | D:5      | Found a glowing golden altar of the Shining One.
  4325 | D:6      | Reached skill level 9 in Maces & Flails
  4412 | D:6      | Noticed Grinder
  4476 | D:6      | HP: 3/72 [Grinder (1)]
  4476 | D:6      | Paralysed by Grinder for 2 turns
  4479 | D:6      | Killed from afar by Grinder

Vault maps used:
D:1:      mrwooster_arrival_statue
D:3:      first_bread, uniq_crazy_yiuf_cottage, uniq_sigmund
D:4:      amethyst_overflow_temple_binary, uniq_blork_the_orc
D:5:      lemuel_angel_altar
D:6:      nicolae_ashenzari_panopticon, temple_pool_b, uniq_grinder

Skill      XL: |  1  2  3  4  5  6  7  8 |
---------------+-------------------------+-----
Maces & Flails | 4 5 6 8 9 |  9.2
Dodging        | 3 4 |  4.3
Fighting       | 4 5 6 |  6.1
Armour         | 3 4 5 7 |  7.7
Throwing       | 1 |  1.1
Stealth        | |  0.5
Evocations     | |  0.5

Action                   |  1- 3 |  4- 6 |  7- 9 || total
-------------------------+-------+-------+-------++-------
Melee: Mace              |    87 |   120 |   245 ||   452
       Headbutt          |     7 |    22 |    37 ||    66
Throw: Tomahawk          |       |       |     3 ||     3
Invok: Berserk           |       |     1 |     2 ||     3
       Burn Spellbooks   |       |     1 |       ||     1
Evoke: Wand              |       |     2 |     1 ||     3
  Use: Scroll            |     5 |     4 |     3 ||    12
       Potion            |     1 |     2 |     2 ||     5
  Eat: Bread ration      |     1 |     1 |       ||     2
       Fruit             |       |       |     3 ||     3
       Royal jelly       |       |       |     1 ||     1
Armor: Animal skin       |     8 |       |       ||     8
       Ring mail         |    15 |       |       ||    15
       Chain mail        |    17 |    83 |   155 ||   255
Dodge: Dodged            |    79 |    81 |   145 ||   305
